 Dungeon Crawl Stone Soup version 0.26-a0-670-g578ab304f5 (webtiles) character file.

Game seed: 7722350489059283447

51816 Birvald the Geomancer (level 14, 0/86 HPs)
             Began as a Gargoyle Earth Elementalist on Oct 19, 2020.
             Was a High Priest of Vehumet.
             Slain by Snorg (4 damage)
             ... on level 3 of the Lair of Beasts.
             The game lasted 00:51:54 (21000 turns).

Birvald the Geomancer (GrEE)                       Turns: 21000, Time: 00:51:55

Health: 0/86       AC: 25    Str: 12    XL:     14   Next: 61%
Magic:  5/27       EV: 14    Int: 27    God:    Vehumet [*****.]
Gold:   1393       SH:  0    Dex: 10    Spells: 12/32 levels left

rFire    . . .     SeeInvis .   x - +9 dire flail (elec)
rCold    . . .     Faith    .   (shield currently unavailable)
rNeg     + . .     Spirit   .   q - +0 troll leather armour
rPois    ∞         Reflect  .   n - +2 helmet
rElec    +         Harm     .   (no cloak)
rCorr    .         Rampage  .   H - +0 pair of gloves
MR       +....                  i - +0 pair of boots
Stlth    ++........             F - amulet of magic regeneration
HPRegen  0.64/turn              o - +4 ring of protection
MPRegen  0.45/turn              B - +6 ring of intelligence

@: flying, very slightly contaminated
A: big wings, negative energy resistance 1, electricity resistance, unbreathing,
petrification resistance, rot immunity, AC +10
a: Stop Flying, Renounce Religion


You were on level 3 of the Lair of Beasts.
You worshipped Vehumet.
Vehumet was extremely pleased with you.
You visited 3 branches of the dungeon, and saw 18 of its levels.
You also visited: Bailey.

You collected 1433 gold pieces.
You spent 40 gold pieces at shops.

Inventory:

Hand Weapons
 x - a +9 dire flail of electrocution (weapon)
 z - a +9 dire flail of draining
 E - a +0 morningstar
Missiles
 b - 409 stones (quivered)
Armour
 i - a +0 pair of boots (worn)
 m - a +2 animal skin
 n - a +2 helmet (worn)
 q - a +0 troll leather armour (worn)
 s - a +0 robe of fire resistance
 H - a +0 pair of gloves (worn)
Jewellery
 c - an uncursed ring of ice
 g - an uncursed ring of wizardry
 o - a +4 ring of protection (left hand)
 B - a +6 ring of intelligence (right hand)
 C - a +4 ring of evasion
 D - the ring "Duistra" {Wiz rN+ Str+2}
   (You found it in a bailey)

   [ring of wizardry]

   It improves your spell success rate.
   It affects your strength (+2).
   It protects you from negative energy.
 F - an amulet of magic regeneration (around neck)
 I - a +4 ring of protection
Wands
 h - a wand of flame (16)
 l - a wand of iceblast (25)
 u - a wand of enslavement (4)
 w - a wand of random effects (26)
 J - a wand of paralysis (15)
 M - a wand of disintegration (10)
 O - a wand of polymorph (7)
Scrolls
 e - 5 scrolls of teleportation
 f - 12 scrolls of remove curse
 k - a scroll of fear
 t - a scroll of magic mapping
 v - 4 scrolls of blinking
 y - 3 scrolls of immolation
 A - 3 scrolls of amnesia
 N - a scroll of enchant weapon
Potions
 a - 2 potions of haste
 d - 5 potions of lignification
 j - a potion of brilliance
 p - a potion of heal wounds
 r - 5 potions of stabbing
 G - a potion of curing
 K - 3 potions of ambrosia
 L - a potion of berserk rage
 P - 2 potions of resistance {unknown}


   Skills:
 + Level 9.3 Fighting
 + Level 8.5 Maces & Flails
 - Level 6.0 Armour
 + Level 7.4 Dodging
 - Level 2.1 Stealth
 + Level 9.7 Spellcasting
 + Level 10.7 Conjurations
   Level 0.7 Transmutations
 * Level 7.2 Fire Magic
 + Level 12.3 Earth Magic
 - Level 6.0 Evocations


You had 12 spell levels left.
You knew the following spells:

 Your Spells              Type           Power        Failure   Level
a - Sandblast             Erth           ######       1%          1
b - Stone Arrow           Conj/Erth      ######       1%          3
c - Lee's Rapid Deconstr  Erth           ######....   1%          5
d - Iron Shot             Conj/Erth      ######....   2%          6
e - Bolt of Magma         Conj/Fire/Erth ######....   1%          5

Your spell library contained the following spells:

 Spells                   Type           Power        Failure   Level
 Freezing Cloud           Conj/Ice/Air   ####......   41%         6
 Passwall                 Tmut/Erth      #####...     1%          2
 Iskenderun's Battlesphe  Conj           ######..     1%          5
 Petrify                  Tmut/Erth      #####...     3%          4
 Animate Skeleton         Necr           ##....       5%          1
 Apportation              Tloc           ##....       5%          1
 Corona                   Hex            ##.....      5%          1
 Summon Small Mammal      Summ           ##..         5%          1
 Orb of Destruction       Conj           ######....   16%         7
 Spellforged Servitor     Conj/Summ      #####.....   75%         7


Dungeon Overview and Level Annotations

Branches:
Dungeon (14/15)            Temple (1/1) D:7            Lair (3/6) D:8
  Swamp (0/4) Lair:3        Snake (0/4) Lair:3          Orc (0/2) D:9
 Vaults (0/5) D:13         Bailey (visited)

Altars:
Ashenzari
Cheibriados
Dithmenos
Elyvilon
Fedhas
Gozag
Hepliaklqana
Kikubaaqudgha
Makhleb
Nemelex Xobeh
Okawaru
Qazlal
Ru
Sif Muna
Trog
Uskayaw
Vehumet
Wu Jian
Xom
Yredelemnul
Zin
The Shining One

Shops:
D:10 *

Annotations:
Lair:3 Snorg


Innate Abilities, Weirdness & Mutations

You are resistant to torment.
Your stone body is resilient. (AC +10)
You are immune to poison.
Your large and strong wings let you fly indefinitely.
You resist negative energy. (rN+)
You are resistant to electric shocks. (rElec)
You can survive without breathing.
You are immune to petrification.
You are immune to rotting.


Message History

Snorg is severely wounded.
Snorg misses you.
Snorg claws you but does no damage. x2; Snorg bites you.
* * * LOW HITPOINT WARNING * * *
Snorg claws you but does no damage. x2
You feel much better. Snorg bites you but does no damage.
Snorg claws you but does no damage. Snorg claws you.
Unknown command.
Casting: Iron Shot (dangerous; 2% risk of failure)
Confirm with . or Enter, or press ? or * to list all spells.
Aiming: Iron Shot (dangerous; 2% risk of failure)
Press: ? - help, Shift-Dir - straight line, f/p - Snorg
Aim: Snorg (severely wounded, berserk)
You miscast Iron Shot.
You are very lightly contaminated with residual magic.
Energy rips through your body!
* * * LOW HITPOINT WARNING * * *
Snorg bites you!!
* * * LOW HITPOINT WARNING * * *
Snorg claws you but does no damage. Snorg claws you.
You die...

.#.......##
##...Y..#..#
.$........#
#.....Y... ...
##.......# ....
###.......#
........
#.##.....#
#.......##.....T##
....##..#.....##@#
....##..##.....###
..............##
...........####
............#
...........##
..........##
≈.........#
≈......####


You could see Snorg (berserk).

Vanquished Creatures
  Jorgrun (D:13)
  Frances (D:13)
  Kirke (D:13)
  A boulder beetle (D:13)
  Erolcha (D:13)
  2 vault guards (D:13)
  3 hydras
  2 centaur warriors
  6 two-headed ogres
  A dancing weapon (D:14)
  Urug (D:13)
  2 cherubim (D:14)
  2 unseen horrors
  2 cyclopes
  3 ugly things
  A centaur zombie (D:14)
  2 cane toads
  Psyche (D:8)
  Maggie (D:8)
  2 centaur skeletons
  7 komodo dragons (Lair:1)
  2 trolls (D:12)
  9 slime creatures (D:14)
  3 hornets
  Grinder (D:6)
  A meliai zombie (D:10)
  A vampire (D:13)
  Sigmund (D:3)
  A wraith (D:12)
  3 wyverns
  Eustachio (D:4)
  7 hogs (D:13)
  63 yaks
  9 humans (D:13)
  A basilisk (Lair:2)
  A steam dragon (D:13)
  4 vampire mosquitoes (D:12)
  Edmund (D:6)
  2 soldier ants
  An acid dragon (D:11)
  2 nagas (Lair:3)
  3 water moccasins
  Duvessa (D:4)
  22 orc warriors
  3 sky beasts
  2 black bears (D:7)
  7 ice beasts
  An eye of draining (D:13)
  A phantom (D:4)
  7 ogres
  2 wolves (Lair:1)
  A centaur (shapeshifter) (D:13)
  18 centaurs
  5 big kobolds
  15 bullfrogs
  A gnoll sergeant (D:5)
  A wyvern zombie (D:9)
  Dowan (D:4)
  A wyvern skeleton (D:13)
  5 scorpions
  14 killer bees
  17 wights
  A howler monkey (D:3)
  A quasit (D:11)
  2 bullfrog zombies
  4 bullfrog skeletons
  3 jellies
  5 orc priests
  7 hounds
  Ijyb (D:3)
  8 iguanas
  12 orc wizards
  9 worker ants
  A hound zombie (D:9)
  2 hound skeletons
  Robin (D:2)
  14 gnolls
  A howler monkey skeleton (D:3)
  3 worker ant zombies
  18 adders
  5 shadow imps
  A white imp (D:9)
  4 oozes
  An adder zombie (D:5)
  An adder skeleton (D:5)
  2 worms
  2 dart slugs
  12 leopard geckos
  82 orcs
  6 giant cockroaches
  17 goblins
  7 hobgoblins
  6 jackals
  30 kobolds
  5 quokkas
  A ball python (D:3)
  6 bats
  8 frilled lizards
  A jackal skeleton (D:4)
  A leopard gecko skeleton (D:4)
  4 rats
580 creatures vanquished.

Vanquished Creatures (others)
  A human (D:13)
  2 bushes (D:9)
  2 fungi
  7 plants
12 creatures vanquished.

Grand Total: 592 creatures vanquished

Notes
Turn   | Place    | Note
-------+----------+-------------------------------------------
     0 | D:1      | Birvald the Gargoyle Earth Elementalist began the quest for
                  | the Orb.
     0 | D:1      | Reached XP level 1. HP: 10/10 MP: 3/3
   621 | D:1      | Reached XP level 2. HP: 14/15 MP: 3/5
   642 | D:1      | Reached skill level 4 in Earth Magic
  1113 | D:1      | Reached XP level 3. HP: 13/19 MP: 6/6
  1118 | D:1      | Learned a level 3 spell: Stone Arrow
  2203 | D:2      | Reached skill level 1 in Conjurations
  2203 | D:2      | Reached XP level 4. HP: 24/24 MP: 4/8
  2512 | D:3      | Reached skill level 5 in Earth Magic
  2560 | D:3      | Reached XP level 5. HP: 23/28 MP: 9/9
  2562 | D:3      | Noticed Robin
  2603 | D:2      | Killed Robin
  2711 | D:3      | Noticed Sigmund
  2727 | D:3      | Killed Sigmund
  2727 | D:3      | Reached XP level 6. HP: 32/32 MP: 2/11
  3066 | D:3      | Reached skill level 6 in Earth Magic
  3301 | D:3      | Noticed Ijyb
  3313 | D:3      | Killed Ijyb
  3769 | D:4      | Reached XP level 7. HP: 18/36 MP: 11/13
  4415 | D:4      | Noticed Duvessa
  4438 | D:4      | Noticed Dowan
  4442 | D:4      | Killed Duvessa
  4442 | D:4      | Reached skill level 5 in Spellcasting
  4442 | D:4      | Reached skill level 7 in Earth Magic
  4545 | D:4      | Killed Dowan
  4545 | D:4      | Reached skill level 5 in Conjurations
  4545 | D:4      | Reached XP level 8. HP: 41/41 MP: 13/15
  4613 | D:4      | Noticed Eustachio
  4629 | D:4      | Killed Eustachio
  5111 | D:5      | Entered Level 5 of the Dungeon
  5259 | D:5      | Reached skill level 1 in Fighting
  5259 | D:5      | Reached skill level 1 in Armour
  5278 | D:5      | Reached skill level 1 in Maces & Flails
  5279 | D:5      | Reached skill level 1 in Evocations
  5936 | D:5      | Reached XP level 9. HP: 32/48 MP: 17/17
  5940 | D:5      | Reached skill level 8 in Earth Magic
  6112 | D:5      | Learned a level 5 spell: Lee's Rapid Deconstruction
  6335 | D:6      | Noticed Grinder
  6338 | D:6      | Paralysed by Grinder for 4 turns
  6346 | D:6      | Killed Grinder
  6651 | D:6      | Noticed Edmund
  6656 | D:6      | Killed Edmund
  6685 | D:6      | You fall into a shaft and drop 3 floors!
  6686 | D:9      | Noticed a hornet
  6691 | D:9      | Killed a hornet
  7452 | D:9      | Reached XP level 10. HP: 56/56 MP: 19/19
  8060 | D:8      | Noticed Psyche
  8066 | D:8      | Killed Psyche
  8134 | D:8      | Noticed a two-headed ogre
  8141 | D:8      | Killed a two-headed ogre
  8141 | D:8      | Reached skill level 9 in Earth Magic
  8485 | D:7      | Found an ancient bone altar of Kikubaaqudgha.
  9258 | D:7      | Found a stormy altar of Qazlal.
  9460 | D:7      | Found a staircase to the Ecumenical Temple.
  9470 | Temple   | Entered the Ecumenical Temple
  9714 | Temple   | Became a worshipper of Vehumet
 10075 | D:8      | Reached skill level 5 in Armour
 10142 | D:8      | Reached skill level 5 in Fighting
 10142 | D:8      | Reached XP level 11. HP: 51/63 MP: 21/21
 10149 | D:8      | Noticed Maggie
 10161 | D:8      | Killed Maggie
 10811 | D:8      | Found a staircase to the Lair.
 11112 | D:9      | Found a staircase to the Orcish Mines.
 11132 | D:9      | Noticed a two-headed ogre
 11135 | D:9      | Killed a two-headed ogre
 11135 | D:9      | Reached * piety under Vehumet
 11135 | D:9      | Offered knowledge of Foxfire by Vehumet.
 11136 | D:9      | Reached skill level 5 in Maces & Flails
 11421 | D:10     | Entered Level 10 of the Dungeon
 12003 | D:10     | Offered knowledge of Shock by Vehumet.
 12003 | D:10     | Reached skill level 10 in Earth Magic
 12004 | D:10     | Noticed a two-headed ogre
 12011 | D:10     | Reached ** piety under Vehumet
 12012 | D:10     | Killed a two-headed ogre
 12012 | D:10     | Reached skill level 5 in Evocations
 12306 | D:10     | Reached skill level 5 in Dodging
 12452 | D:10     | Reached XP level 12. HP: 44/70 MP: 13/23
 12739 | D:10     | Found Zoowell's Assorted Antiques.
 12754 | D:10     | Bought a scroll of identify for 40 gold pieces
 12920 | D:11     | Found a flagged portal.
 12941 | D:11     | Offered knowledge of Frozen Ramparts by Vehumet.
 12965 | Bailey   | Entered a bailey
 12991 | Bailey   | Reached *** piety under Vehumet
 13558 | Bailey   | Offered knowledge of Inner Flame by Vehumet.
 13911 | Bailey   | Got a brightly glowing granite ring
 13918 | Bailey   | Identified the ring "Duistra" {Wiz rN+ Str+2} (You found it
                  | in a bailey)
 14119 | D:11     | Noticed a two-headed ogre
 14129 | D:11     | Killed a two-headed ogre
 14143 | D:11     | Reached **** piety under Vehumet
 14214 | D:11     | Noticed a six-headed hydra
 14222 | D:11     | Killed a six-headed hydra
 14597 | D:10     | Offered knowledge of Iskenderun's Battlesphere by Vehumet.
 15184 | D:11     | Reached skill level 11 in Earth Magic
 15209 | D:11     | Learned a level 6 spell: Iron Shot
 15215 | D:11     | Learned a level 5 spell: Bolt of Magma
 15353 | D:11     | Reached ***** piety under Vehumet
 15353 | D:11     | Offered knowledge of Fulminant Prism by Vehumet.
 15452 | D:12     | Reached skill level 1 in Fire Magic
 15686 | D:12     | Reached XP level 13. HP: 77/77 MP: 15/25
 15965 | D:12     | Found a shimmering blue altar of Sif Muna.
 16545 | D:13     | Noticed Frances
 16551 | D:13     | Killed Frances
 16615 | D:13     | Noticed Jorgrun
 16645 | D:13     | Noticed Kirke
 17077 | D:13     | Killed Kirke
 17354 | D:13     | Noticed Urug
 17381 | D:13     | Killed Urug
 17381 | D:13     | HP: 3/78 [centaur warrior/arrow (17)]
 17382 | D:13     | Reached skill level 10 in Conjurations
 17644 | D:13     | Noticed Erolcha
 17652 | D:13     | Killed Erolcha
 17680 | D:13     | Reached skill level 5 in Fire Magic
 17707 | D:13     | Noticed a vault guard
 17723 | D:13     | Noticed a vault guard
 17728 | D:13     | Killed a vault guard
 17750 | D:13     | Killed a vault guard
 17847 | D:13     | Found a gate to the Vaults.
 17899 | D:13     | Killed Jorgrun
 17899 | D:13     | Gained mutation: Your large and strong wings let you fly
                  | indefinitely. [Gargoyle growth]
 17899 | D:13     | Reached XP level 14. HP: 84/84 MP: 3/27
 18202 | D:14     | Offered knowledge of Freezing Cloud by Vehumet.
 18318 | D:14     | Reached skill level 12 in Earth Magic
 19347 | Lair:1   | Entered Level 1 of the Lair of Beasts
 20774 | Lair:3   | Found a staircase to the Snake Pit.
 20903 | Lair:3   | Found a staircase to the Swamp.
 20957 | Lair:3   | Noticed Snorg
 21000 | Lair:3   | HP: 4/86 [Snorg (21)]
 21000 | Lair:3   | Slain by Snorg

Illustrated notes

Levels and vault maps discovered:
D:1:      wheals_arrival_shading, layout_loops_ring
D:2:      layout_basic
D:3:      layout_basic, minivault_5, minmay_unequal, uniq_ijyb, uniq_robin,
          uniq_sigmund
D:4:      layout_gridville, uniq_eustachio, uniq_duvessa
D:5:      layout_basic
D:6:      layout_basic, uniq_grinder, uniq_edmund
D:7:      layout_loops_ring, kennysheep_little_box,
          minmay_temple_entry_poolview, basic_altar
D:8:      layout_layer_cave, lair_entry_dummy, minmay_misc_feat_pillars,
          uniq_psyche, uniq_maggie
D:9:      layout_basic, hiddenorc2_lemuel, minmay_hedge_maze
D:10:     layout_rooms, serial_shops, shop
D:11:     layout_cave_pools, enter_bailey_3
D:12:     layout_loops_ring, basic_altar
D:13:     layout_small_grid, ximxim_vaults_locker_room, uniq_frances, uniq_urug,
          uniq_jorgrun, uniq_kirke, uniq_erolcha
D:14:     layout_roguey, hangedman_abyss_or_decor_stabs, pf_eden
Temple:   nicolae_temple_the_god_donut
Lair:1:   layout_misc_corridors, minivault_27, beast_lair_carwin_3,
          lemuel_fruit_fields
Lair:2:   layout_regular_city
Lair:3:   layout_misc_corridors, swamp_mist_pool, guppyfry_snake_entry_island,
          uniq_snorg

Skill      XL: |  1  2  3  4  5  6  7  8  9 10 11 12 13 14 |
---------------+-------------------------------------------+-----
Earth Magic    | 4 5 6 7 8 9 10 11 12 | 12.3
Conjurations   | 1 2 3 5 6 7 8 9 10 | 10.7
Spellcasting   | 3 4 5 6 7 8 9 |  9.7
Fighting       | 1 3 5 6 7 8 9 |  9.3
Armour         | 2 3 5 6 |  6.0
Maces & Flails | 1 3 4 5 6 7 8 |  8.5
Dodging        | 2 3 4 5 6 7 |  7.4
Evocations     | 1 2 4 5 6 |  6.0
Fire Magic     | 1 5 7 |  7.2
Stealth        | |  2.1
Transmutations | |  0.7

Action                   |  1- 3 |  4- 6 |  7- 9 | 10-12 | 13-15 || total
-------------------------+-------+-------+-------+-------+-------++-------
Melee: Unarmed           |    25 |       |       |       |     7 ||    32
       Dagger            |    99 |    64 |       |       |       ||   163
       Short sword       |       |    35 |       |       |       ||    35
       Club              |       |    18 |    61 |       |       ||    79
       Rapier            |       |       |   162 |       |       ||   162
       Dire flail        |       |       |    86 |   840 |   450 ||  1376
Throw: Throwing net      |       |       |       |       |     2 ||     2
 Cast: Sandblast         |    20 |    22 |    32 |     5 |       ||    79
       Stone Arrow       |       |     7 |    32 |    31 |     1 ||    71
       Lee's Rapid Decon |       |       |     3 |    26 |    12 ||    41
       Iron Shot         |       |       |       |     6 |    49 ||    55
 Abil: Fly               |       |       |       |       |     1 ||     1
Evoke: Wand              |       |       |     2 |     1 |     6 ||     9
  Use: Scroll            |       |    11 |    13 |     9 |    13 ||    46
       Potion            |       |     1 |     4 |     5 |     3 ||    13
 Stab: Sleeping          |     1 |     4 |     6 |     5 |     2 ||    18
       Distracted        |       |       |       |     1 |       ||     1
Armor: Robe              |    39 |     8 |       |       |       ||    47
       Animal skin       |       |    44 |   155 |   353 |    31 ||   583
       Skin              |       |       |    15 |       |       ||    15
       Troll leather arm |       |       |       |       |   256 ||   256
Dodge: Dodged            |    91 |    78 |   267 |   809 |   316 ||  1561

Table legend: (Time is in decaauts)
 A = Elapsed time spent in this place.
 B = Non-inter-level travel time spent in this place.
 C = Inter-level travel time spent in this place.
 D = Time resting spent in this place.
 E = Time spent auto-exploring this place.
 F = Levels seen in this place.
 G = Mean time per level.
                   A        B        C        D        E       F      G
               +--------+--------+--------+--------+--------+-----+--------+
         Total |  21046 |  20367 |    679 |   4123 |  11292 |  19 | 1107.7 |
       Dungeon |  18012 |  17420 |    592 |   3804 |   9528 |  14 | 1286.6 |
        Temple |    256 |    244 |     12 |      0 |    211 |   1 |  256.0 |
          Lair |   1628 |   1554 |     74 |      0 |   1257 |   3 |  542.7 |
        Bailey |   1148 |   1148 |      0 |    319 |    295 |   1 | 1148.0 |
               +--------+--------+--------+--------+--------+-----+--------+

Top non-repeatable levels by time:
     D:9: 2187 daAuts
    D:10: 1505 daAuts
    D:13: 1504 daAuts
     D:1: 1428 daAuts
     D:3: 1360 daAuts
     D:4: 1274 daAuts
    D:11: 1188 daAuts
     D:8: 1178 daAuts
     D:5: 1157 daAuts
  Bailey: 1148 daAuts
    D:12: 1115 daAuts
     D:2: 1070 daAuts
     D:6: 1021 daAuts
     D:7: 1018 daAuts
    D:14: 999 daAuts
